 Dungeon Crawl Stone Soup version 0.21-a0-401-g0b6bec4 (webtiles) character file.

35 demolition the Sneak (level 3, -1/25 HPs)
             Began as a Gnoll Wanderer on Oct 25, 2017.
             Slain by Terence
             ... wielding a +0 short sword
              (2 damage)
             ... on level 2 of the Dungeon.
             The game lasted 00:02:50 (2054 turns).

demolition the Sneak (Gnoll Wanderer)               Turns: 2054, Time: 00:02:51

Health: -1/25      AC:  2    Str: 13    XL:     3   Next: 35%
Magic:  7/7        EV: 13    Int: 16    God:
Gold:   59         SH:  0    Dex: 14    Spells: 6/7 levels left

rFire    . . .     SeeInvis .   m - +2 short sword (drain)
rCold    . . .     Gourm    .   (no shield)
rNeg     . . .     Faith    .   c - +0 robe
rPois    .         Spirit   .   (no helmet)
rElec    .         Reflect  .   (no cloak)
rCorr    .         Harm     .   (no gloves)
MR       .....                  (no boots)
Stlth    +++.......             (no amulet)
HPRegen  0.08/turn              (no ring)
MPRegen  0.10/turn              (no ring)

@: drained
A: distributed training, fangs 1, strong nose
a: no special abilities


You were on level 2 of the Dungeon.
You were hungry.

You visited 1 branch of the dungeon, and saw 2 of its levels.

You collected 59 gold pieces.

Inventory:

Hand Weapons
 d - a +0 dagger
 k - a +0 hunting sling
 m - a +2 short sword of draining (weapon)
Missiles
 l - 7 stones (quivered)
Armour
 c - a +0 robe (worn)
Jewellery
 j - an uncursed amulet of faith {unknown}
Scrolls
 e - a scroll of teleportation {unknown}
 g - 2 scrolls of identify {unknown}
 h - a scroll of blinking {unknown}
 i - a scroll of noise {unknown}
 q - a scroll of fog {unknown}
 r - a scroll of amnesia {unknown}
Potions
 n - a potion of degeneration {unknown}
Books
 a - a book of Geomancy

   Spells                             Type                      Level
   a - Sandblast                      Earth                        1
   b - Passwall                       Transmutation/Earth          2
   c - Stone Arrow                    Conjuration/Earth            3
   d - Petrify                        Transmutation/Earth          4
   e - Lee's Rapid Deconstruction     Earth                        5
 b - the Compendium of Necromancy

   Spells                             Type                      Level
   a - Animate Skeleton               Necromancy                   1
   b - Regeneration                   Charms/Necromancy            3
Comestibles
 f - a bread ration
 o - a royal jelly
 p - a chunk of flesh
 s - a meat ration


   Skills:
 + Level 0.7(0.6) Fighting
 + Level 0.7(0.6) Short Blades
 + Level 0.7(0.6) Long Blades
 + Level 0.7(0.6) Axes
 + Level 0.7(0.6) Maces & Flails
 + Level 0.7(0.6) Polearms
 + Level 0.7(0.6) Staves
 + Level 0.7(0.6) Slings
 + Level 0.7(0.6) Bows
 + Level 0.7(0.6) Crossbows
 + Level 0.7(0.6) Throwing
 + Level 0.7(0.6) Armour
 + Level 2.6(2.5) Dodging
 + Level 6.0(5.8) Stealth
 + Level 0.7(0.6) Shields
 + Level 2.6(2.5) Unarmed Combat
 + Level 2.8(2.7) Spellcasting
 + Level 0.5(0.4) Conjurations
 + Level 0.5(0.4) Hexes
 + Level 2.1(2.0) Charms
 + Level 0.5(0.4) Summonings
 + Level 0.5(0.4) Necromancy
 + Level 0.5(0.4) Translocations
 + Level 0.5(0.4) Transmutations
 + Level 0.5(0.4) Fire Magic
 + Level 0.5(0.4) Ice Magic
 + Level 0.5(0.4) Air Magic
 + Level 2.1(2.0) Earth Magic
 + Level 0.5(0.4) Poison Magic
 + Level 0.9(0.8) Invocations
 + Level 4.5(4.4) Evocations


You had 6 spell levels left.
You knew the following spells:

 Your Spells              Type           Power        Failure   Level  Hunger
a - Sandblast             Erth           #.....       9%          1    #......


Dungeon Overview and Level Annotations

Branches:
Dungeon (2/15)

Altars:

Annotations:
D:2 Terence


Innate Abilities, Weirdness & Mutations

Your experience applies equally to all skills.
You have very sharp teeth.
Your uncanny sense of smell can sniff out nearby items.


Message History

Terence is heavily wounded.
Terence hits you with a short sword!
You hit Terence. You bite Terence.
Terence is severely wounded.
The goblin hits you but does no damage. Terence hits you but does no damage.
You closely miss Terence.
Terence is severely wounded.
Terence hits you with a short sword. The goblin hits you with a club.
You hit Terence. Your bite misses Terence.
Terence is severely wounded.
Terence hits you with a short sword.
* * * LOW HITPOINT WARNING * * *
The goblin hits you with a club.
* * * LOW HITPOINT WARNING * * *
You barely miss Terence.
Terence is severely wounded.
Terence barely misses you. The goblin hits you with a club.
* * * LOW HITPOINT WARNING * * *
Terence hits you with a short sword.
You die...

# .# #.. #.####
###.#.....
#....###...#.....
#.#...##.........
#.....(..........
#......g...(.. #..
#.#.....<.# #..#
#@###.....# # #..#
#@###...#..#.# #..#
#.g....## ...# #..#
######..#..# #.)#
#....# .#####..#####
#.#.##
............#####...#
#####..###........##
#...# ########.#
#.#<## .#


You could see Terence and a goblin.

Vanquished Creatures
  A gnoll (D:1)
  An ooze (D:1)
  A worm (D:2)
  2 leopard geckos (D:1)
  A giant cockroach (D:1)
  4 hobgoblins (D:1)
  3 kobolds (D:1)
  2 bats (D:1)
  A frilled lizard (D:1)
16 creatures vanquished.

Notes
Turn   | Place    | Note
-------+----------+-------------------------------------------
     0 | D:1      | demolition the Gnoll Wanderer began the quest for the Orb.
     0 | D:1      | demolition set off with: a book of Geomancy, the Compendium of Necromancy, a +0 robe, a +0 dagger, a bread ration
     0 | D:1      | Reached XP level 1. HP: 13/13 MP: 4/4
     0 | D:1      | Identified the Compendium of Necromancy
   524 | D:1      | Reached XP level 2. HP: 15/19 MP: 5/5
   581 | D:1      | Learned a level 1 spell: Sandblast
   991 | D:1      | Reached XP level 3. HP: 10/25 MP: 7/7
  2031 | D:2      | Noticed Terence
  2043 | D:2      | Reached skill level 6 in Stealth
  2054 | D:2      | HP: 1/25 [goblin/club (2)]
  2054 | D:2      | Slain by Terence

Vault maps used:
D:1:      wheals_arrival_linesprint
D:2:      xom_redecorated, uniq_terence, uniq_jessica

Skill      XL: |  1  2  3 |
---------------+----------+-----
Charms         | 2 |  2.1
Earth Magic    | 2 |  2.1
Stealth        | 6 |  6.0
Fighting       | |  0.7
Short Blades   | |  0.7
Long Blades    | |  0.7
Axes           | |  0.7
Maces & Flails | |  0.7
Polearms       | |  0.7
Staves         | |  0.7
Slings         | |  0.7
Bows           | |  0.7
Crossbows      | |  0.7
Throwing       | |  0.7
Armour         | |  0.7
Dodging        | |  2.6
Shields        | |  0.7
Unarmed Combat | |  2.6
Spellcasting   | |  2.8
Conjurations   | |  0.5
Hexes          | |  0.5
Summonings     | |  0.5
Necromancy     | |  0.5
Translocations | |  0.5
Transmutations | |  0.5
Fire Magic     | |  0.5
Ice Magic      | |  0.5
Air Magic      | |  0.5
Poison Magic   | |  0.5
Invocations    | |  0.9
Evocations     | |  4.5

Action                   || total
-------------------------++-------
Melee: Dagger            ||    54
       Unarmed           ||    15
       Bite              ||    10
       Punch             ||     1
       Short sword       ||    26
  Use: Potion            ||     1
 Stab: Invisible         ||     2
       Sleeping          ||     2
  Eat: Chunk             ||     3
Armor: Robe              ||    11
Dodge: Dodged            ||    65

Table legend:
 A = Spawn XP
 B = Non-spawn XP
 C = Spawn XP percentage of total XP
 D = Spawn monster count
 E = Non-spawn monster count
 F = Spawn count percentage of total count
 G = Total turns spent on level
                    A         B        C        D         E        F      G
               +---------+---------+-------+---------+---------+-------+---------
         Total |       0 |      51 |   0.0 |       0 |      16 |   0.0 |  2054
               +---------+---------+-------+---------+---------+-------+---------
           D:1 |       0 |      46 |   0.0 |       0 |      15 |   0.0 |  2013
           D:2 |       0 |       5 |   0.0 |       0 |       1 |   0.0 |    41
               +---------+---------+-------+---------+---------+-------+---------
